 Dungeon Crawl Stone Soup version 0.28.0-47-ge53b351184 (webtiles) character file.

Game seed: 17350223252208239808

161 Iusername the Skirmisher (level 5, 0/47 HPs)
             Began as a Minotaur Fighter on May 5, 2022.
             Killed from afar by an orc wizard (5 damage)
             ... with a magic dart
             ... on level 3 of the Dungeon.
             The game lasted 00:03:18 (3232 turns).

Iusername the Skirmisher (Minotaur Fighter)         Turns: 3232, Time: 00:03:20

Health: 0/47       AC:  7    Str: 22    XL:     5   Next: 18%
Magic:  4/4        EV:  9    Int:  5    God:
Gold:   157        SH:  4    Dex: 10    Spells: 4/4 levels left

rFire   . . .      SeeInvis .   a - +0 war axe
rCold   . . .      Faith    .   c - +0 buckler
rNeg    . . .      Spirit   .   b - +0 scale mail
rPois   .          Reflect  .   (helmet restricted)
rElec   .          Harm     .   (no cloak)
rCorr   .          Rampage  .   (no gloves)
Will    .....                   (no boots)
Stlth   ..........              (no amulet)
HPRegen 0.15/turn               (no ring)
MPRegen 0.09/turn               (no ring)

@: mighty
A: horns 2, retaliatory headbutt
a: no special abilities


You were on level 3 of the Dungeon.
You visited 1 branch of the dungeon, and saw 4 of its levels.

You collected 157 gold pieces.

Inventory:

Hand Weapons
 a - a +0 war axe (weapon)
Armour
 b - a +0 scale mail (worn)
 c - a +0 buckler (worn)
Jewellery
 f - a ring of wizardry
 i - a ring of fire
 k - a ring of see invisible
 o - a ring of positive energy
Scrolls
 e - a scroll of identify {unknown}
 j - a scroll of teleportation {unknown}
 m - 2 scrolls of enchant armour {unknown}
 n - a scroll of fog {unknown}
Potions
 g - a potion of brilliance {unknown}
 h - 2 potions of mutation {unknown}
 l - 2 potions of haste {unknown}
 p - a potion of curing {unknown}


   Skills:
 + Level 4.7 Fighting
 + Level 3.9 Axes
 + Level 4.7 Armour
 + Level 4.7 Shields


You had 4 spell levels left.
You didn't know any spells.
Your spell library contained the following spells:

 Spells                   Type           Power      Damage    Failure   Level
 Corpse Rot               Necr/Air       0%         N/A       95%         2
 Dispel Undead            Necr           0%         3d6       100%        4
 Death Channel            Necr           0%         N/A       100%        6


Dungeon Overview and Level Annotations

Branches:
Dungeon (4/15)             Temple (0/1) D:4

Altars:
Kikubaaqudgha
Trog

Shops:
D:1 *


Innate Abilities, Weirdness & Mutations

You have a pair of horns on your head.
You reflexively headbutt those who attack you in melee.


Message History

The gnoll hits you from afar with a +0 halberd!
You block the gnoll's attack. The gnoll barely misses you.
You furiously retaliate!
You headbutt the gnoll!
The gnoll hits you from afar with a +0 halberd!
You are too injured to fight recklessly!
Unknown command.
You are too injured to fight recklessly!
Unknown command.
Unknown command.
There are monsters nearby!
You feel very mighty all of a sudden. The endoplasm hits you.
The orc wizard mumbles some strange words.
The orc wizard flickers and vanishes!
Deactivating autopickup; reactivate with Ctrl-A.
You block the gnoll's attack. The gnoll closely misses you.
You furiously retaliate!
You headbutt the gnoll!
You kill the gnoll!
You block the endoplasm's attack.
The gnoll hits you from afar with a +0 halberd.
* * * LOW HITPOINT WARNING * * *
You see here a +0 flail.
You slash the orc!
You kill the orc!
You slash the endoplasm!
You kill the endoplasm!
A magic dart appears from out of thin air!
The magic dart hits you.
* * * LOW HITPOINT WARNING * * *
The gnoll hits you from afar with a +0 halberd.
* * * LOW HITPOINT WARNING * * *
You closely miss the orc. The orc barely misses you.
You block the gnoll's attack. The orc hits you but does no damage.
You slash the orc!
You kill the orc!
You slash the ball python!
You kill the ball python!
A magic dart appears from out of thin air!
The magic dart hits you.
You die...

#.# .......... #.#
........# #.#
##.......## #.#
.......... #.#
#.####......... #.#
#..............
#.########.){......
#..........)..##.^.
#######...@))##
#....'..<...#
#.####....g....
#####'#.....
......... .........
........#
#........#


You could see a gnoll.

Vanquished Creatures
  A jelly (D:4)
  Terence (D:3)
  2 gnolls (D:3)
  2 adders
  A worm (D:4)
  A dart slug (D:1)
  6 orcs
  2 bats
  5 endoplasms
  2 giant cockroaches
  3 goblins
  6 hobgoblins
  3 jackals (D:1)
  12 kobolds
  4 quokkas
  6 ball pythons
  3 rats
60 creatures vanquished.

Notes
Turn   | Place    | Note
-------+----------+-------------------------------------------
     0 | D:1      | Iusername the Minotaur Fighter began the quest for the Orb.
     0 | D:1      | Reached XP level 1. HP: 19/19 MP: 0/0
    85 | D:1      | Reached XP level 2. HP: 20/27 MP: 1/1
   692 | D:1      | Found Fidec's General Store.
   734 | D:1      | Reached XP level 3. HP: 32/33 MP: 2/2
  1323 | D:2      | You fall into a shaft and drop 2 floors!
  1358 | D:4      | Reached XP level 4. HP: 38/41 MP: 3/3
  1440 | D:4      | Found a staircase to the Ecumenical Temple.
  1464 | D:4      | Found a glowing drain.
  2140 | D:4      | Found a bloodstained altar of Trog.
  2140 | D:4      | Found an ancient bone altar of Kikubaaqudgha.
  2616 | D:3      | Noticed Terence
  2624 | D:3      | Killed Terence
  3226 | D:3      | Reached XP level 5. HP: 40/47 MP: 4/4
  3232 | D:3      | Killed from afar by an orc wizard

Illustrated notes

Levels and vault maps discovered:
D:1:      nzn_arrival_settlement, layout_basic, serial_shops,
          nicolae_shop_window_shopping
D:2:      layout_rooms, dreamdust_ecumenical_altar_hidden_monk_grotto,
          corexii_leaking_fountain, chequers_mini_garden
D:3:      kennysheep_big_flooded_room, layout_basic, uniq_terence
D:4:      layout_loops_corners, gammafunk_temple_overflow_elements,
          minmay_temple_entry_glassed_door, cheibrodos_sewer_entry_sluice

Skill      XL: |  1  2 |
---------------+-------+-----
Shields        | 4 |  4.7
Fighting       | 4 |  4.7
Armour         | 4 |  4.7
Axes           | 3 |  3.9

Action                   |  1- 3 |  4- 6 || total
-------------------------+-------+-------++-------
Melee: War axe           |    58 |    56 ||   114
       Headbutt          |     6 |     7 ||    13
  Use: Potion            |       |     1 ||     1
Armor: Scale mail        |    35 |    16 ||    51
Dodge: Dodged            |    39 |    29 ||    68
Block: Buckler           |    15 |    11 ||    26
